 Dungeon Crawl Stone Soup version 0.22.0 (webtiles) character file.

2777 Acetwo5 the Basher (level 9, -4/71 HPs)
             Began as a Minotaur Fighter on Aug 11, 2018.
             Slain by a hornet (10 damage)
             ... on level 8 of the Dungeon.
             The game lasted 00:14:39 (7209 turns).

Acetwo5 the Basher (Minotaur Fighter)               Turns: 7209, Time: 00:14:41

Health: -4/71      AC:  6    Str: 23    XL:     9   Next: 42%
Magic:  8/8        EV:  5    Int:  6    God:
Gold:   544        SH: 11    Dex: 13    Spells: 8/8 levels left

rFire    . . .     SeeInvis .   u - +2 flail (holy)
rCold    . . .     Gourm    .   c - +1 shield
rNeg     . . .     Faith    .   l - +0 chain mail
rPois    +         Spirit   .   (helmet restricted)
rElec    .         Reflect  .   s - scarf {cloud immunity}
rCorr    .         Harm     .   (no gloves)
MR       .....                  o - +0 pair of boots (curse)
Stlth    ..........             n - amulet of rage
HPRegen  0.61/turn              r - +3 ring of dexterity
MPRegen  0.11/turn              A - -2 ring of slaying (curse)

@: slowed, very slow
A: retaliatory headbutt, horns 2, deformed body, poison resistance, regeneration
1, no potion heal 1
a: Evoke Berserk Rage


You were on level 8 of the Dungeon.
You were hungry.

You visited 2 branches of the dungeon, and saw 9 of its levels.

You collected 544 gold pieces.

Inventory:

Hand Weapons
 a - a +1 flail
 u - a +2 flail of holy wrath (weapon)
Armour
 c - a +1 shield (worn)
 l - a +0 chain mail (worn)
 o - a cursed +0 pair of boots (worn)
 s - a scarf of cloud immunity (worn)
 t - a +0 pair of boots
Jewellery
 n - an amulet of rage (around neck)
 r - a +3 ring of dexterity (left hand)
 A - a cursed -2 ring of slaying (right hand)
Wands
 p - a wand of iceblast (4)
 w - a wand of flame (11)
 x - a wand of acid (9)
 y - a wand of polymorph (14)
Scrolls
 g - 5 scrolls of immolation {unknown}
 h - 12 scrolls of identify {unknown}
 i - 5 scrolls of remove curse {unknown}
 k - 4 scrolls of fear {unknown}
 v - 4 scrolls of blinking {unknown}
Potions
 b - 3 potions of brilliance {unknown}
 d - a potion of might
 e - 4 potions of haste {unknown}
 j - 2 potions of lignification {unknown}
 m - 4 potions of curing {unknown}
 q - 2 potions of flight {unknown}
 z - a potion of magic {unknown}
 B - a potion of degeneration {unknown}
Comestibles
 f - 13 rations


   Skills:
 - Level 4.2 Fighting
 + Level 14.5 Maces & Flails
 - Level 3.9 Armour
 - Level 4.0 Shields


You had 8 spell levels left.
You didn't know any spells.
Your spell library contained the following spells:

 Spells                   Type           Power        Failure   Level  Hunger
 Confuse                  Hex            #.......     100%        3    ####...
 Tukima's Dance           Hex            #.......     100%        3    ####...
 Ensorcelled Hibernation  Hex/Ice        #.....       100%        2    ###....
 Corona                   Hex            #......      100%        1    ##.....
 Dazzling Spray           Conj/Hex       #.....       100%        3    ####...


Dungeon Overview and Level Annotations

Branches:
Dungeon (8/15)             Temple (1/1) D:4
   Lair: D:8-11

Altars:
Ashenzari
Cheibriados
Dithmenos
Elyvilon
Fedhas
Gozag
Hepliaklqana
Kikubaaqudgha
Makhleb
Nemelex Xobeh
Qazlal
Ru
Sif Muna
Trog
Vehumet
Wu Jian
Xom
The Shining One

Annotations:
D:5 3 runed doors, Shadowablaze's ghost, novice GrFi


Innate Abilities, Weirdness & Mutations

You reflexively headbutt those who attack you in melee.
You have a pair of horns on your head.
Armour fits poorly on your strangely shaped body.
Your system is resistant to poisons. (rPois)
Your natural rate of healing is unusually fast.
Potions are less effective at restoring your health.


Message History

You closely miss the hornet.
The hornet is heavily wounded.
The hornet stings you.
* * * LOW HITPOINT WARNING * * *
Unknown command.
You closely miss the hornet.
The hornet is heavily wounded.
The hornet barely misses you. The hornet stings you.
* * * LOW HITPOINT WARNING * * *
Unknown command.
You sock the hornet!
You headbutt the hornet, but do no damage.
The hornet is severely wounded.
The hornet barely misses you. You furiously retaliate!
You headbutt the hornet, but do no damage.
The hornet stings you but does no damage.
You closely miss the hornet.
The hornet is severely wounded.
The hornet stings you!
You die...

#..##...# #.. ##..#
.K..# #..##
....####...####
.K.....##.....##..
..KK... #..........
..KK... #..........
..K....##..........
..Z....#@..........
....KKHy...........
.....KH#......##...
......K#<.##..# ###
..........# #..#
....##..... ....
.... #..#### #..
... ... .. ##


You could see 2 hippogriffs, a hornet and 4 kobolds.

Vanquished Creatures
  A spriggan (D:7)
  Eustachio (D:5)
  An orc warrior (D:6)
  An ice beast (D:7)
  2 ogres (D:6)
  3 centaurs
  3 bullfrogs
  A gnoll sergeant (D:5)
  A water moccasin zombie (D:7)
  3 scorpions
  4 wights (D:6)
  2 crimson imps
  2 centaur zombies
  A quasit (D:8)
  A jelly (D:6)
  2 centaur skeletons
  5 orc priests
  A hound (D:5)
  A bullfrog skeleton (D:4)
  2 iguanas
  8 orc wizards
  5 worker ants
  A hound zombie (D:7)
  A hound skeleton (D:4)
  A worker ant zombie (D:7)
  8 gnolls
  12 adders
  4 shadow imps
  2 oozes
  An adder zombie (D:5)
  6 worms
  3 dart slugs
  3 leopard geckos
  33 orcs
  2 ball pythons
  5 bats
  4 giant cockroaches
  6 goblins
  5 hobgoblins
  15 jackals
  10 kobolds
  A quokka (D:2)
  8 frilled lizards
  A jackal skeleton (D:5)
  A leopard gecko skeleton (D:8)
  10 rats
194 creatures vanquished.

Notes
Turn   | Place    | Note
-------+----------+-------------------------------------------
     0 | D:1      | Acetwo5 the Minotaur Fighter began the quest for the Orb.
     0 | D:1      | Reached XP level 1. HP: 19/19 MP: 0/0
    37 | D:1      | Reached XP level 2. HP: 23/27 MP: 1/1
    48 | D:1      | Found a shattered altar of Ashenzari.
   274 | D:1      | Reached skill level 3 in Maces & Flails
   274 | D:1      | Reached XP level 3. HP: 29/33 MP: 2/2
   839 | D:2      | Reached skill level 4 in Maces & Flails
   973 | D:2      | Reached XP level 4. HP: 27/40 MP: 3/3
  1042 | D:2      | You fall through a shaft!
  1151 | D:3      | Reached skill level 5 in Maces & Flails
  1366 | D:3      | Reached XP level 5. HP: 34/46 MP: 4/4
  1373 | D:3      | Reached skill level 6 in Maces & Flails
  1503 | D:3      | Found a glowing golden altar of the Shining One.
  1510 | D:3      | Found a blossoming altar of Fedhas.
  1510 | D:3      | Found a shadowy altar of Dithmenos.
  1946 | D:3      | Reached skill level 7 in Maces & Flails
  1946 | D:3      | Reached XP level 6. HP: 25/52 MP: 5/5
  2861 | D:4      | Noticed a two-headed ogre
  2900 | D:4      | Reached skill level 8 in Maces & Flails
  3143 | D:4      | Found a staircase to the Ecumenical Temple.
  3147 | Temple   | Entered the Ecumenical Temple
  3500 | D:5      | Entered Level 5 of the Dungeon
  3762 | D:5      | Reached XP level 7. HP: 58/59 MP: 6/6
  3780 | D:5      | Reached skill level 9 in Maces & Flails
  3948 | D:5      | Noticed Eustachio
  3961 | D:5      | Killed Eustachio
  4009 | D:5      | Reached skill level 10 in Maces & Flails
  4046 | D:5      | Found a radiant altar of Vehumet.
  4049 | D:5      | Found a runed gate.
  4049 | D:5      | Found a runed gate.
  4049 | D:5      | Found a runed gate.
  4177 | D:5      | Found a sacrificial altar of Ru.
  4390 | D:5      | Reached XP level 8. HP: 56/66 MP: 7/7
  4654 | D:5      | Noticed Shadowablaze's ghost (novice GrFi)
  4724 | D:6      | Reached skill level 11 in Maces & Flails
  4776 | D:6      | Found Keedium's Armour Shoppe.
  4923 | D:6      | Found a stormy altar of Qazlal.
  4925 | D:6      | Noticed an air elemental
  4979 | D:6      | Reached skill level 12 in Maces & Flails
  5635 | D:6      | Found a blossoming altar of Fedhas.
  5827 | D:6      | Reached skill level 13 in Maces & Flails
  5945 | D:6      | Reached XP level 9. HP: 27/71 MP: 8/8
  6672 | D:7      | Gained mutation: Armour fits poorly on your strangely shaped body. [potion of mutation]
  6672 | D:7      | Gained mutation: Potions are less effective at restoring your health. [potion of mutation]
  6672 | D:7      | Gained mutation: Your natural rate of healing is unusually fast. [potion of mutation]
  6672 | D:7      | Gained mutation: Your system is resistant to poisons. (rPois) [potion of mutation]
  6723 | D:7      | Reached skill level 14 in Maces & Flails
  7209 | D:8      | Slain by a hornet

Skill      XL: |  1  2  3  4  5  6  7  8  9 |
---------------+----------------------------+-----
Fighting       | 4 |  4.2
Shields        | 4 |  4.0
Maces & Flails | 3 4 5 7 8 10 13 14 | 14.5
Armour         | |  3.9

Action                   |  1- 3 |  4- 6 |  7- 9 || total
-------------------------+-------+-------+-------++-------
Melee: Flail             |   102 |   235 |   329 ||   666
       Headbutt          |     8 |    35 |    61 ||   104
  Use: Scroll            |       |     4 |       ||     4
       Potion            |       |       |     1 ||     1
  Eat: Chunk             |       |    10 |    10 ||    20
Armor: Scale mail        |    30 |       |       ||    30
       Chain mail        |    10 |   123 |   110 ||   243
Dodge: Dodged            |    22 |    32 |    60 ||   114
Block: Shield            |    49 |   103 |   166 ||   318
